 Dungeon Crawl Stone Soup version 0.24.0-10-g970556be89 (webtiles) character file.

Game seed: 15452931464892103108, levelgen mode: deterministic

11771 Aviak the Fighter (level 11, -6/101 HPs)
             Began as a Pale Draconian Skald on Nov 3, 2019.
             Was a Believer of Ru.
             Mangled by a spiny frog (26 damage)
             ... on level 2 of the Lair of Beasts.
             The game lasted 00:25:30 (13144 turns).

Aviak the Fighter (Pale Draconian Skald)           Turns: 13144, Time: 00:25:31

Health: -6/101     AC: 10    Str: 13    XL:     11   Next: 53%
Magic:  20/24      EV: 17    Int: 15    God:    Ru [**....]
Gold:   607        SH:  0    Dex: 13    Spells: 5/16 levels left

rFire    . . .     SeeInvis .   I - +5 spear "Hyvisuto" {pierce, +Fly rElec}
rCold    + . .     Gourm    .   (no shield)
rNeg     . . .     Faith    .   (armour unavailable)
rPois    .         Spirit   .   (helmet restricted)
rElec    +         Reflect  .   a - +0 cloak
rCorr    .         Harm     +   l - +1 pair of gloves
MR       .....                  (no boots)
Stlth    +.........             G - amulet of harm
HPRegen  1.26/turn              H - ring of magical power
MPRegen  0.19/turn              C - ring of protection from cold

@: short of breath, horrified, regenerating (expiring)
A: breathe steam, unfitting armour, cold-blooded, hated by all, cowardly, AC +7
a: Breathe Steam, Renounce Religion, Evoke Flight


You were on level 2 of the Lair of Beasts.
You worshipped Ru.
Ru was pleased with you.
You were hungry.

You visited 2 branches of the dungeon, and saw 12 of its levels.
You also visited: Sewer.

You collected 954 gold pieces.
You spent 347 gold pieces at shops.

Inventory:

Hand Weapons
 I - the +5 spear "Hyvisuto" (weapon) {pierce, +Fly rElec}
   (You bought it in a shop on level 8 of the Dungeon)

   It inflicts extra damage upon your enemies.
   It insulates you from electricity.
   It lets you fly.
Armour
 a - a +0 cloak (worn)
 l - a +1 pair of gloves (worn)
Jewellery
 y - an uncursed amulet of magic regeneration {unknown}
 C - a ring of protection from cold (right hand)
 G - an amulet of harm (around neck)
 H - a ring of magical power (left hand)
Wands
 v - a wand of digging (5)
 A - a wand of acid (8)
 D - a wand of polymorph (13)
 J - a wand of flame (47)
 K - a wand of paralysis (9)
 M - a wand of iceblast (11)
Scrolls
 b - 3 scrolls of fear
 e - a scroll of enchant armour {unknown}
 i - 3 scrolls of identify
 j - 4 scrolls of amnesia
 n - a scroll of noise {unknown}
 r - 4 scrolls of remove curse
 t - 4 scrolls of teleportation
 u - a scroll of random uselessness {unknown}
 x - a scroll of magic mapping {unknown}
 z - a scroll of fog {unknown}
 B - 2 scrolls of blinking {unknown}
 E - a scroll of holy word {unknown}
 F - a scroll of immolation {unknown}
Potions
 c - 3 potions of curing
 d - a potion of magic
 f - 2 potions of haste
 g - a potion of agility
 h - 6 potions of might {unknown}
 k - 6 potions of brilliance
 m - 3 potions of degeneration {unknown}
 p - a potion of heal wounds {unknown}
 q - 5 potions of flight {unknown}
 s - 3 potions of lignification {unknown}
 w - 2 potions of mutation {unknown}
 L - a potion of cancellation {unknown}
 N - a potion of invisibility {unknown}
Comestibles
 o - 21 rations


   Skills:
 + Level 10.3 Fighting
 + Level 9.6 Polearms
 + Level 8.9 Dodging
 - Level 3.0 Spellcasting
 - Level 2.0 Hexes
 - Level 8.0 Charms
 - Level 2.0 Necromancy


You had 5 spell levels left.
You knew the following spells:

 Your Spells              Type           Power        Failure   Level  Hunger
a - Infusion              Chrm           ###.         1%          1    #......
b - Song of Slaying       Chrm           ###.....     1%          2    ##.....
c - Regeneration          Chrm/Necr      ###.......   8%          3    ###....
d - Shroud of Golubria    Chrm/Tloc      ##....       6%          2    ##.....
e - Spectral Weapon       Hex/Chrm       ###.....     8%          3    ###....

Your spell library contained the following spells:

 Spells                   Type           Power        Failure   Level  Hunger
 Slow                     Hex            #.......     13%         2    ##.....
 Magic Dart               Conj           #...         21%         1    #......
 Blink                    Tloc           N/A          30%         2    ##.....
 Conjure Flame            Conj/Fire      #.......     52%         3    ###....
 Mephitic Cloud           Conj/Pois/Air  #.......     52%         3    ###....
 Call Imp                 Summ           Unusable     N/A         2    N/A

Dungeon Overview and Level Annotations

Branches:
Dungeon (10/15)            Temple (0/1) D:5            Lair (2/6) D:9
    Orc (0/2) D:9           Sewer (visited)
  Swamp: Lair:2-4    Shoals: Lair:2-4     Snake: Lair:2-4    Spider: Lair:2-4

Altars:
Ashenzari
Dithmenos
Elyvilon
Gozag
Nemelex Xobeh
Okawaru
Qazlal
Ru
Sif Muna
Trog
Vehumet

Shops:
D:4 **   D:7 *   D:8 (


Innate Abilities, Weirdness & Mutations

You can breathe blasts of scalding, opaque steam.
Your pale cyan-grey scales are hard. (AC +7)
You cannot fit into any form of body armour.
You are cold-blooded and may be slowed by cold attacks.
You are hated by all.
Your cowardice makes you less effective in combat with threatening monsters.


Message History

* * * LOW HITPOINT WARNING * * *
Unknown command.
You feel better.
Your skin is crawling a little less now.
The spiny frog barely misses you. The spiny frog stings you.
* * * LOW HITPOINT WARNING * * *
You are poisoned.
The spiny frog poisons you! The spiny frog misses you.
Unknown command.
You feel sick. The spiny frog misses you.
You feel better. The spiny frog misses you.
Press: ? - help, Shift-Dir - straight line, p - spiny frog You exhale a blast of scalding steam.
The ball of steam hits the spiny frog.
The spiny frog is lightly wounded.
The ball of steam hits the spiny frog!
You kill the spiny frog!
You feel somewhat more hungry.
The spiny frog is engulfed in a cloud of scalding steam.
The spiny frog stings you!!
You die...

#..........#
...........#
...........#
#..........#
...........#
#..........#
#...#....#
#......§F##
#..#P...#+@#
....P......#
...........#
............
...........#
...........#
.#..#.##.##
#### ##


You could see a spiny frog.

Vanquished Creatures
  A hydra (Lair:1)
  3 two-headed ogres
  3 spiny frogs
  A troll (D:10)
  A hornet (D:9)
  4 hippogriffs
  A yak (D:9)
  A vampire (D:10)
  A hungry ghost (D:10)
  A basilisk (Lair:1)
  A soldier ant (D:10)
  2 water moccasins
  2 porcupines
  2 ice beasts
  2 sky beasts
  6 orc warriors
  4 phantoms
  An eye of draining (D:10)
  5 black bears (D:9)
  4 ogres
  4 centaurs
  2 crocodiles (D:9)
  7 big kobolds
  4 bullfrogs
  A water moccasin skeleton (D:8)
  4 scorpions
  6 killer bees (D:10)
  9 wights
  3 electric eels (D:10)
  4 crimson imps
  2 bullfrog zombies (D:9)
  A jelly (D:7)
  A gnoll shaman (D:5)
  7 hounds
  A centaur zombie (D:10)
  12 orc priests
  2 centaur skeletons (D:7)
  12 orc wizards
  5 worker ants
  A hound skeleton (D:7)
  A worker ant zombie (D:9)
  3 gnolls (D:5)
  16 adders
  A river rat (Sewer)
  3 shadow imps
  3 oozes (Sewer)
  An adder zombie (D:8)
  3 worms
  3 dart slugs
  4 leopard geckos
  54 orcs
  7 ball pythons
  8 giant cockroaches
  6 goblins
  7 hobgoblins
  12 jackals
  24 kobolds
  3 quokkas
  4 bats
  3 frilled lizards
  A leopard gecko skeleton (D:7)
  14 rats
315 creatures vanquished.

Vanquished Creatures (others)
  10 fungi
  14 plants
  A spectral weapon (Lair:2)
25 creatures vanquished.

Grand Total: 340 creatures vanquished

Notes
Turn   | Place    | Note
-------+----------+-------------------------------------------
     0 | D:1      | Aviak the Draconian Skald began the quest for the Orb.
     0 | D:1      | Reached XP level 1. HP: 17/17 MP: 3/3
   247 | D:1      | Reached XP level 2. HP: 14/25 MP: 0/5
   701 | D:1      | Reached XP level 3. HP: 30/30 MP: 6/6
   943 | D:2      | Reached XP level 4. HP: 24/37 MP: 7/7
   954 | D:2      | Learned a level 2 spell: Song of Slaying
   957 | D:2      | Learned a level 2 spell: Shroud of Golubria
   961 | D:2      | Learned a level 3 spell: Regeneration
  1283 | D:2      | Reached skill level 3 in Fighting
  1460 | D:2      | Found a radiant altar of Vehumet.
  2836 | D:3      | Reached XP level 5. HP: 45/45 MP: 9/9
  2940 | D:4      | Found Gyin's Assorted Antiques.
  3037 | D:4      | Reached XP level 6. HP: 8/52 MP: 5/10
  3258 | D:4      | Bought a scroll labeled FOICASKIDIH for 19 gold pieces
  3258 | D:4      | Bought a black potion for 17 gold pieces
  3258 | D:4      | Bought 3 scrolls labeled FOICASKIDIH for 57 gold pieces
  3258 | D:4      | Bought a scroll labeled JUIBYIN ALEIQI for 19 gold pieces
  3258 | D:4      | Bought a scroll labeled FOICASKIDIH for 19 gold pieces
  3336 | D:4      | Found a white marble altar of Elyvilon.
  3614 | D:4      | HP: 2/52 [orc priest/nerve-wracking pain (11)]
  3895 | D:4      | Reached skill level 4 in Fighting
  3917 | D:4      | Learned a level 3 spell: Spectral Weapon
  4184 | D:4      | Reached skill level 1 in Necromancy
  4189 | D:4      | Found Yreller's Lightly-Used Armoury.
  4545 | D:4      | Found a shattered altar of Ashenzari.
  4866 | D:5      | Entered Level 5 of the Dungeon
  4906 | D:5      | Your scales start taking on a pale cyan-grey colour.
  4906 | D:5      | Reached XP level 7. HP: 55/59 MP: 4/11
  5053 | D:5      | Found a shadowy altar of Dithmenos.
  5194 | D:5      | Found a sacrificial altar of Ru.
  5202 | D:5      | Became a worshipper of Ru the Awakened
  5528 | D:5      | Found an iron altar of Okawaru.
  5614 | D:5      | Found a staircase to the Ecumenical Temple.
  5635 | D:5      | Reached skill level 1 in Hexes
  5729 | D:5      | Reached skill level 5 in Fighting
  5729 | D:5      | Reached XP level 8. HP: 26/68 MP: 12/12
  5936 | D:5      | Found a shimmering blue altar of Sif Muna.
  6217 | D:5      | Reached skill level 5 in Polearms
  6217 | D:5      | Reached skill level 5 in Charms
  6615 | D:6      | Found a sparkling altar of Nemelex Xobeh.
  6659 | D:6      | Found a glowing drain.
  6670 | Sewer    | Entered a sewer
  6853 | Sewer    | Reached skill level 5 in Dodging
  6930 | Sewer    | Reached skill level 6 in Fighting
  7459 | D:6      | Found a stormy altar of Qazlal.
  7460 | D:6      | Noticed an air elemental
  7704 | D:6      | Reached XP level 9. HP: 71/75 MP: 13/13
  7919 | D:7      | Found Gozag's Platinum Reserve.
  7919 | D:7      | Found an opulent altar of Gozag.
  8557 | D:8      | Reached skill level 7 in Fighting
  8790 | D:8      | Noticed a moth of wrath
  8793 | D:8      | Found a bloodstained altar of Trog.
  8860 | D:8      | Found Peonir's Antique Weapon Boutique.
  8864 | D:8      | Noticed a two-headed ogre
  8871 | D:8      | Killed a two-headed ogre
  8878 | D:8      | Bought a bloodstained spear for 216 gold pieces
  8878 | D:8      | Identified the +5 spear "Hyvisuto" {pierce, +Fly rElec}
                  | (You bought it in a shop on level 8 of the Dungeon)
  8937 | D:8      | Reached XP level 10. HP: 87/88 MP: 14/14
  9173 | D:8      | Noticed a two-headed ogre
  9196 | D:8      | Killed a two-headed ogre
  9196 | D:8      | Reached skill level 8 in Fighting
  9926 | D:9      | Found a staircase to the Orcish Mines.
 10253 | D:9      | Found a staircase to the Lair.
 10356 | D:9      | Reached skill level 9 in Fighting
 10694 | D:10     | Entered Level 10 of the Dungeon
 10839 | D:10     | Gained mutation: You are hated by all. [Ru sacrifice]
 10839 | D:10     | Reached * piety under Ru
 10992 | D:10     | Reached XP level 11. HP: 45/97 MP: 15/15
 11232 | D:10     | Noticed a two-headed ogre
 11259 | D:10     | Killed a two-headed ogre
 11961 | Lair:1   | Entered Level 1 of the Lair of Beasts
 12291 | Lair:1   | Noticed a seven-headed hydra
 12299 | Lair:1   | Killed a seven-headed hydra
 12299 | Lair:1   | Reached skill level 10 in Fighting
 12897 | Lair:1   | Gained mutation: Your cowardice makes you less effective in
                  | combat with threatening monsters. [Ru sacrifice]
 12897 | Lair:1   | Reached ** piety under Ru
 13144 | Lair:2   | Mangled by a spiny frog

Levels and vault maps discovered:
D:1:      scummos_arrival_simple_fountains, layout_rooms,
          chequers_serial_rivers_micro_b
D:2:      layout_basic, lemuel_doored_altar
D:3:      layout_basic
D:4:      layout_basic, overflow_temple_1_default, ashenzari_altar_1,
          serial_shops, shop, roderic_lattice_a, small_statue_alley_b,
          serial_bayou_pond_d, serial_bayou_pond_d, minmay_shop_damaged,
          st_stairs_14
D:5:      layout_cave_pods, led_sif_book, nicolae_ru_great_annihilating_truth,
          kennysheep_okawaru_gauntlet, nicolae_dithmenos_shadow_blocks,
          minmay_temple_entry_enclosed_plants, first_ration,
          guppyfry_early_orc_mine
D:6:      layout_loops_corners, nicolae_qazlal_style_of_elements,
          nicolae_overflow_crystal_walls, cheibrodos_sewer_entry_drain,
          minmay_unpleasant_kobolds
D:7:      layout_rooms, nicolae_gozag_zags_fifth_avenue
D:8:      layout_loops_ring, tgw_trog, serial_shops, shop_fountains,
          grunt_pizzeria
D:9:      layout_cross, due_lair_maze_entry_diamond,
          kennysheep_decorative_pillar, hangedman_abyss_or_decor_lesser_grid
D:10:     layout_loops_ring, special_room [special_room_orc],
          serial_bayou_lagoon_b
Lair:1:   layout_long_grid
Lair:2:   layout_roguey, basic_altar

Skill      XL: |  1  2  3  4  5  6  7  8  9 10 11 |
---------------+----------------------------------+-----
Charms         | 3 4 5 6 8 |  8.0
Fighting       | 3 4 5 6 7 9 10 | 10.3
Polearms       | 3 4 5 7 8 9 |  9.6
Dodging        | 3 4 5 6 7 8 |  8.9
Spellcasting   | 3 |  3.0
Necromancy     | 1 2 |  2.0
Hexes          | 1 2 |  2.0

Action                   |  1- 3 |  4- 6 |  7- 9 | 10-12 || total
-------------------------+-------+-------+-------+-------++-------
Melee: Spear             |   140 |   170 |     6 |   406 ||   722
       Tailslap          |    10 |    27 |    47 |    36 ||   120
       Trident           |       |    62 |   374 |       ||   436
 Cast: Infusion          |     5 |    13 |     3 |     2 ||    23
       Spectral Weapon   |       |       |       |     7 ||     7
       Regeneration      |       |       |       |     4 ||     4
Invok: Reject Sacrifices |       |       |     1 |       ||     1
       Sacrifice Love    |       |       |       |     1 ||     1
       Sacrifice Courage |       |       |       |     1 ||     1
 Abil: Breathe Steam     |       |       |    32 |    17 ||    49
  Use: Scroll            |       |     6 |     2 |     2 ||    10
       Potion            |       |     2 |       |     2 ||     4
 Stab: Sleeping          |     2 |     8 |     1 |       ||    11
       Distracted        |       |       |     1 |     2 ||     3
  Eat: Chunk             |       |     9 |    18 |    11 ||    38
       Ration            |       |     1 |       |     2 ||     3
Armor: Skin              |    34 |    48 |    92 |    61 ||   235
Dodge: Dodged            |    80 |   121 |   234 |   221 ||   656
